 Dungeon Crawl Stone Soup version 0.27.1-33-g824d729ab1 (webtiles) character file.

Game seed: 6857436862923333529

157 SensoryNuts the Ruffian (level 5, -1/46 HPs)
             Began as a Ghoul Monk on Dec 6, 2021.
             Was an Initiate of Ru.
             Slain by an ogre (19 damage)
             ... on level 3 of the Dungeon.
             The game lasted 00:03:09 (2751 turns).

SensoryNuts the Ruffian (Ghoul Monk)                Turns: 2751, Time: 00:03:09

Health: -1/46      AC:  2    Str: 16    XL:     5   Next: 38%
Magic:  4/4        EV: 12    Int:  5    God:    Ru [......]
Gold:   130        SH:  0    Dex: 11    Spells: 3/4 levels left

rFire    . . .     SeeInvis .     - Unarmed
rCold    + . .     Faith    .   (no shield)
rNeg     + + +     Spirit   .   a - +0 robe
rPois    ∞         Reflect  .   (no helmet)
rElec    .         Harm     .   (no cloak)
rCorr    .         Rampage  .   (no gloves)
Will     .....                  (no boots)
Stlth    ++........             (no amulet)
HPRegen  0.00/turn              (no ring)
MPRegen  0.09/turn              (no ring)

@: inhibited regen
A: claws 1, cold resistance 1, negative energy resistance 3, inhibited
regeneration, torment resistance 2
a: Renounce Religion, Sacrifice Courage, Sacrifice Nimbleness, Sacrifice Purity,
Reject Sacrifices


You were on level 3 of the Dungeon.
You worshipped Ru.
Ru was noncommittal.
You visited 1 branch of the dungeon, and saw 3 of its levels.

You collected 130 gold pieces.

Inventory:

Armour
 a - a +0 robe (worn)
Jewellery
 f - a ring of see invisible
Scrolls
 b - 2 scrolls of identify {unknown}
 d - a scroll of teleportation {unknown}
 e - a scroll of fog {unknown}
 h - a scroll of enchant weapon {unknown}
Potions
 c - 4 potions of flight {unknown}
 g - a potion of curing {unknown}
 i - a potion of mutation {unknown}


   Skills:
 + Level 4.0 Fighting
 + Level 3.3 Dodging
 + Level 2.9 Stealth
 + Level 5.2 Unarmed Combat


You had 3 spell levels left.
You knew the following spells:

 Your Spells              Type           Power      Damage    Failure   Level
a - Shock                 Conj/Air       0%         1d3       47%         1

Your spell library contained the following spells:

 Spells                   Type           Power      Damage    Failure   Level
 Swiftness                Air            0%         N/A       85%         3
 Airstrike                Air            0%         N/A       99%         4


Dungeon Overview and Level Annotations

Branches:
Dungeon (3/15)

Altars:
Ru


Innate Abilities, Weirdness & Mutations

You thrive by killing the living.
You are immune to poison.
You have sharp fingernails.
Your flesh is cold resistant. (rC+)
You are immune to negative energy. (rN+++)
You do not regenerate when monsters are visible.
You are immune to unholy pain and torment.


Message History

You are too injured to fight recklessly!
You are too injured to fight recklessly!
You are too injured to fight recklessly!
You are too injured to fight recklessly!
You are too injured to fight recklessly!
You are too injured to fight recklessly!
You are too injured to fight recklessly!
You are too injured to fight recklessly!
You are too injured to fight recklessly!
You are too injured to fight recklessly!
You are too injured to fight recklessly!
You are too injured to fight recklessly!
You are too injured to fight recklessly!
You are too injured to fight recklessly!
You are too injured to fight recklessly!
You are too injured to fight recklessly!
You are too injured to fight recklessly!
You are too injured to fight recklessly!
You are too injured to fight recklessly!
You are too injured to fight recklessly!
You are too injured to fight recklessly!
You are too injured to fight recklessly!
You are too injured to fight recklessly!
You are too injured to fight recklessly!
You are too injured to fight recklessly!
You are too injured to fight recklessly!
You are too injured to fight recklessly!
You are too injured to fight recklessly!
You are too injured to fight recklessly!
You are too injured to fight recklessly!
You are too injured to fight recklessly!
Unknown command.
You barely miss the ogre. The bat hits you but does no damage.
The bat closely misses you.
You claw the ogre!
The ogre is heavily wounded.
The bat completely misses you. The bat barely misses you.
The bat completely misses you.
The ogre hits you with a +0 giant club!!
You die...

##.####.## ###.#
#..# ...# ###.#
# #.###...#
#.#####..##.#.##
.........)†....#
'#######'####..#
...###b....###.#
..###.)@..####.#
.###..)O.###.#.#
###...b.###..#.#
##.....###B..'.#
####'####....#.#
.#.....#.....#..
.#..(..#....##.
.'.....'...###.


You could see an ogre, a giant cockroach and 2 bats.

Vanquished Creatures
  A jelly (D:3)
  Jessica (D:2)
  3 adders
  A worm (D:3)
  2 dart slugs (D:1)
  4 ball pythons
  8 endoplasms
  4 giant cockroaches
  8 goblins
  5 hobgoblins
  5 jackals
  4 kobolds
  4 quokkas
  3 bats (D:1)
  3 frilled lizards
  3 rats
59 creatures vanquished.

Notes
Turn   | Place    | Note
-------+----------+-------------------------------------------
     0 | D:1      | SensoryNuts the Ghoul Monk began the quest for the Orb.
     0 | D:1      | Reached XP level 1. HP: 19/19 MP: 0/0
   262 | D:1      | Reached XP level 2. HP: 22/26 MP: 1/1
   575 | D:1      | Reached XP level 3. HP: 13/33 MP: 2/2
  1035 | D:1      | Learned a level 1 spell: Shock
  1206 | D:1      | Reached skill level 4 in Unarmed Combat
  1532 | D:2      | Noticed Jessica
  1535 | D:2      | Killed Jessica
  1536 | D:2      | Reached XP level 4. HP: 40/40 MP: 3/3
  1684 | D:2      | Found a faded altar of an unknown god.
  1782 | D:2      | Became a worshipper of Ru the Awakened
  2420 | D:3      | Reached skill level 5 in Unarmed Combat
  2420 | D:3      | Reached XP level 5. HP: 29/46 MP: 4/4
  2740 | D:3      | Noticed an ogre
  2751 | D:3      | Slain by an ogre

Illustrated notes

Levels and vault maps discovered:
D:1:      minmay_arrival_shattered_statue, layout_loops_corners,
          minmay_hexomino_u4
D:2:      layout_basic, hellmonk_ecumenical_altar_lost_god, serial_bayou_pond_e,
          uniq_jessica
D:3:      layout_loops_corners, minmay_quadrilaterals, uniq_natasha

Skill      XL: |  1  2  3  4 |
---------------+-------------+-----
Dodging        | 3 |  3.3
Unarmed Combat | 4 5 |  5.2
Fighting       | 4 |  4.0
Stealth        | |  2.9

Action                   |  1- 3 |  4- 6 || total
-------------------------+-------+-------++-------
Melee: Unarmed           |    98 |    87 ||   185
       Punch             |     3 |     2 ||     5
 Stab: Distracted        |     1 |       ||     1
       Sleeping          |     1 |     3 ||     4
Armor: Robe              |     8 |    17 ||    25
Dodge: Dodged            |    48 |    57 ||   105
